AoeStats
← Echo

Glade

510395654Analyzed
1v1 RM · 7h ago on Sep 30, 2026· 40m 0s· 2 players
Game mode
Random Map
Map size
Tiny (2 player)
Population
200
Speed
Normal
Resources
Standard
Victory
Conquest
Starting age
Dark Age
Ending age
Imperial Age
RankedLock teamsTeams togetherTeam positionsShared explorationLock speedFull tech treeHidden civsTurbo modeCheats
Victory
Defeat
🇨🇳 Portuguese · China
1176
+14
🇦🇷 Bulgarians · Argentina
1141
-14
aguszani
6:05 Loom
11:34 Feudal Age
14:31 Wheelbarrow
16:08 Fletching
20:27 Horse Collar
21:05 Double-Bit Axe
22:39 Town Watch
25:34 Castle Age
24:21 Scale Mail Armor
27:27 Bodkin Arrow
29:12 Elite Skirmisher
30:15 Squires
40:00 Redemption
Echo
11:30 Feudal Age
15:13 Castle Age
13:20 Stone Mining
13:44 Double-Bit Axe
17:00 Loom
27:40 Bow Saw
Connection lost

Rejoining the realm…

Still unreachable

The connection could not be restored.

Session expired

The server has moved on; the page needs a fresh start.